 Dungeon Crawl Stone Soup version 0.23-a0-54-gae6112e (webtiles) character file.

134 riellis the Ducker (level 4, -1/25 HPs)
             Began as a Deep Elf Gladiator on Aug 9, 2018.
             Slain by a gnoll
             ... wielding a +0 halberd
              (2 damage)
             ... on level 4 of the Dungeon.
             The game lasted 00:05:53 (3217 turns).

riellis the Ducker (Deep Elf Gladiator)             Turns: 3217, Time: 00:05:54

Health: -1/25      AC:  5    Str: 12    XL:     4   Next: 95%
Magic:  6/6        EV: 15    Int: 13    God:
Gold:   148        SH:  0    Dex: 19    Spells: 3/3 levels left

rFire    . . .     SeeInvis .   a - +0 long sword
rCold    . . .     Gourm    .   (no shield)
rNeg     . . .     Faith    .   w - +0 leather armour
rPois    .         Spirit   .   c - +0 helmet
rElec    .         Reflect  .   (no cloak)
rCorr    .         Harm     .   m - +0 pair of gloves {Dex+3}
MR       .....                  (no boots)
Stlth    ++........             (no amulet)
HPRegen  0.08/turn              (no ring)
MPRegen  0.10/turn              (no ring)

@: no status effects
A: no striking features
a: no special abilities


You were on level 4 of the Dungeon.
You were very hungry.

You visited 1 branch of the dungeon, and saw 4 of its levels.

You collected 148 gold pieces.

Inventory:

Hand Weapons
 a - a +0 long sword (weapon)
 b - a +0 hunting sling
Missiles
 d - 3 throwing nets (quivered)
 h - 72 arrows
 i - 54 stones
 t - 37 sling bullets
 y - 11 poisoned needles
Armour
 c - a +0 helmet (worn)
 m - a +0 pair of gloves of dexterity (worn)
 w - a +0 leather armour (worn)
Jewellery
 n - a cursed amulet of inaccuracy {unknown}
 u - an uncursed ring of see invisible {unknown}
Scrolls
 e - a scroll of fear {unknown}
 g - 2 scrolls of amnesia {unknown}
 j - 4 scrolls of teleportation {unknown}
 l - a scroll of identify {unknown}
 o - 2 scrolls of fog {unknown}
 p - a scroll of blinking {unknown}
 q - a scroll of noise {unknown}
 s - 2 scrolls of remove curse {unknown}
 x - a scroll of enchant weapon {unknown}
Potions
 k - 2 potions of brilliance
 v - a potion of flight
 z - a potion of degeneration {unknown}
 A - a potion of ambrosia {unknown}
 B - a potion of berserk rage {unknown}
Comestibles
 f - 5 rations


   Skills:
 - Level 1.5 Fighting
 * Level 4.2 Long Blades
 - Level 2.0 Throwing
 + Level 4.7 Dodging
 + Level 2.3 Stealth


You had 3 spell levels left.
You didn't know any spells.
Your spell library was empty.

Dungeon Overview and Level Annotations

Branches:
Dungeon (4/15)
 Temple: D:4-7

Altars:
Vehumet


Message History

There is a stone staircase leading down, spattered with blood here.
You climb downwards.
The gnoll barely misses you.
You riposte.
You slash the gnoll!
The gnoll is heavily wounded.
The gnoll hits you with a spear. The gnoll misses you.
There is a stone staircase leading up here.
You hit the gnoll.
The gnoll is heavily wounded.
The gnoll hits you but does no damage. The gnoll hits you with a halberd!
You closely miss the gnoll.
The gnoll is heavily wounded.
The gnoll hits you with a spear. The gnoll barely misses you.
You hit the gnoll.
The gnoll is almost dead.
The gnoll hits you but does no damage. The gnoll hits you with a spear!
* * * LOW HITPOINT WARNING * * *
You barely miss the gnoll.
The gnoll is almost dead.
The gnoll hits you with a halberd.
You die...

.###+#### #.###...##
.........###.#######
.........#....#
........#....+
.......>##'###
#..........#
+..........+
#..........#
#..@g......#
#...g####......g
#.... +....... #....
#.......> #....
#........ +...$
....... #.... ....
###+#


You could see 2 gnolls.

Vanquished Creatures
  An orc wizard (D:3)
  3 adders
  2 gnolls (D:3)
  2 leopard geckos
  4 orcs (D:3)
  2 giant cockroaches (D:2)
  6 goblins
  6 hobgoblins
  4 jackals (D:2)
  2 quokkas
  7 bats
  2 frilled lizards
  10 kobolds
  6 rats
57 creatures vanquished.

Notes
Turn   | Place    | Note
-------+----------+-------------------------------------------
     0 | D:1      | riellis the Deep Elf Gladiator began the quest for the Orb.
     0 | D:1      | Reached XP level 1. HP: 12/12 MP: 3/3
   582 | D:1      | Reached XP level 2. HP: 12/16 MP: 4/4
  1231 | D:2      | Reached XP level 3. HP: 15/20 MP: 5/5
  1378 | D:2      | Reached skill level 1 in Stealth
  1942 | D:3      | Reached XP level 4. HP: 11/25 MP: 6/6
  2524 | D:3      | Found a radiant altar of Vehumet.
  3216 | D:4      | HP: 1/25 [gnoll/spear (7)]
  3217 | D:4      | Slain by a gnoll

Vault maps used:
D:1:      ncdulo_lavacross, minivault_14, corexii_corridor_pit
D:3:      vehumet_crystals, st_stairs_14
D:4:      cheibriados_altar_1, first_ration, uniq_grinder, uniq_robin

Skill      XL: |  1  2  3  4 |
---------------+-------------+-----
Long Blades    | 3 4 |  4.2
Dodging        | 4 |  4.7
Stealth        | 1 2 |  2.3
Fighting       | |  1.5
Throwing       | |  2.0

Action                   |  1- 3 |  4- 6 || total
-------------------------+-------+-------++-------
Melee: Long sword        |   105 |    18 ||   123
 Fire: Hunting sling     |    11 |    24 ||    35
  Use: Potion            |     3 |     1 ||     4
 Stab: Sleeping          |     3 |       ||     3
  Eat: Chunk             |     3 |     3 ||     6
Armor: Leather armour    |    32 |     8 ||    40
       Skin              |       |    10 ||    10
Dodge: Dodged            |    98 |    43 ||   141
       Rpst.: Long sword |    32 |    13 ||    45

Table legend:
 A = Spawn XP
 B = Non-spawn XP
 C = Spawn XP percentage of total XP
 D = Spawn monster count
 E = Non-spawn monster count
 F = Spawn count percentage of total count
 G = Total turns spent on level
                    A         B        C        D         E        F      G
               +---------+---------+-------+---------+---------+-------+---------
         Total |       0 |     192 |   0.0 |       0 |      57 |   0.0 |  3217
               +---------+---------+-------+---------+---------+-------+---------
           D:1 |       0 |      31 |   0.0 |       0 |      20 |   0.0 |  1086
           D:2 |       0 |      44 |   0.0 |       0 |      19 |   0.0 |   812
           D:3 |       0 |     114 |   0.0 |       0 |      17 |   0.0 |  1261
           D:4 |       0 |       3 |   0.0 |       0 |       1 |   0.0 |    58
               +---------+---------+-------+---------+---------+-------+---------
